 Dungeon Crawl Stone Soup version 0.30-a0-852-g08b95dd62f (webtiles) character file.

Game seed: 5480572189397926299

23 Pooter the Chopper (level 2, -1/27 HPs)
             Began as a Minotaur Berserker on Mar 4, 2023.
             Was a Follower of Trog.
             Slain by an adder (4 damage)
             ... on level 1 of the Dungeon.
             The game lasted 00:03:31 (609 turns).

Pooter the Chopper (Minotaur Berserker)              Turns: 609, Time: 00:03:31

Health: -1/27      AC:  2    Str: 21    XL:     2   Next: 75%
Magic:  1/1        EV:  7    Int:  4    God:    Trog [*.....]
Gold:   114        SH:  9    Dex:  9    Spells: 1/1 levels left

rFire   . . .      SeeInvis .    a - +0 hand axe
rCold   . . .      Faith    .    h - +0 tower shield
rNeg    . . .      Spirit   .    b - +0 animal skin
rPois   .          Reflect  .    (helmet restricted)
rElec   .          Rampage  .    (no cloak)
rCorr   .                        (no gloves)
Will    .....                    (no boots)
Stlth   +                        (no amulet)
HPRegen 0.24/turn                (no ring)
MPRegen 0.07/turn                (no ring)

@: lethally poisoned (-1 -> -5), on berserk cooldown, slowed, very slow
A: horns 2, retaliatory headbutt
a: Renounce Religion, Berserk


You were on level 1 of the Dungeon.
You worshipped Trog.
Trog was aware of your devotion.
You visited 1 branch of the dungeon, and saw 2 of its levels.

You collected 114 gold pieces.

Inventory:

Hand Weapons
 a - a +0 hand axe (weapon)
Missiles
 g - 6 poisoned darts
 Q - 8 stones (quivered)
Armour
 b - a +0 animal skin (worn)
 h - a +0 tower shield (worn)
   (You found it on level 1 of the Dungeon)
Scrolls
 c - 2 scrolls of enchant weapon {unknown}
Potions
 e - a potion of cancellation {unknown}


   Skills:
 + Level 4.0 Fighting
 * Level 4.5 Axes
 - Level 2.4 Armour
 - Level 2.1 Dodging
 + Level 0.1 Shields


You had one spell level left.
You didn't know any spells.
Your spell library was empty.

Dungeon Overview and Level Annotations

Branches:
Dungeon (2/15)

Altars:


Innate Abilities, Weirdness & Mutations

You have a pair of horns on your head.
You reflexively headbutt those who attack you in melee.


Message History

It was a potion of ambrosia.
You are confused.
You feel invigorated.
You feel sick.
You are no longer poisoned.
The adder bites you.
* * * LOW HITPOINT WARNING * * *
You are poisoned.
The adder poisons you! The adder bites you.
* * * LOW HITPOINT WARNING * * *
You bump into the rock wall.
You feel sick. The adder bites you.
* * * LOW HITPOINT WARNING * * *
The adder barely misses you.
You miss the adder. Your headbutt misses the adder.
You feel less invigorated.
You feel less confused.
You feel sick.
You are no longer poisoned.
The adder bites you.
You are poisoned.
The adder poisons you! You block the adder's attack. The adder bites you.
You are more poisoned.
The adder poisons you! The adder bites you.
Unknown command.
You hit the adder.
You feel very sick. The adder bites you.
* * * LOW HITPOINT WARNING * * *
The adder bites you.
* * * LOW HITPOINT WARNING * * *
The adder barely misses you.
You hit the adder.
* * * LOW HITPOINT WARNING * * *
You feel very sick. You block the adder's attack. x2
Unknown command.
It was a potion of curing.
You feel better. The adder bites you.
* * * LOW HITPOINT WARNING * * *
The adder bites you.
* * * LOW HITPOINT WARNING * * *
You barely miss the adder. You block the adder's attack. x2
The adder bites you.
* * * LOW HITPOINT WARNING * * *
You are poisoned.
The adder poisons you!
You closely miss the adder.
* * * LOW HITPOINT WARNING * * *
You feel very sick. The adder bites you.
* * * LOW HITPOINT WARNING * * *
The adder bites you.
You die...

...#.#......# #.....#
........##'######'######
##.......#...).#.......#
............##)#.#.###.#
###....#.....#.#.#...#.#
###.......#....#.#...#.# #######
#...#####.#..###.#.###.###.....#
#...# #.#.####.#......##.###.#
#...# #.#....#@#####.........#
#...# #.#..###S....##.....####
##### #.#..###...#.####.#.##
#.......#..#.####....#
##.####.#..#....###### #.#
#.##.####.# ###รท# #......##.##
#...# ######.....#
#...######........#


You could see an adder.

Vanquished Creatures
  A worm (D:2)
  An endoplasm (D:1)
  3 goblins (D:1)
  4 hobgoblins (D:1)
  A kobold (D:1)
  A quokka (D:1)
  2 ball pythons (D:1)
  2 bats (D:1)
  4 rats (D:1)
19 creatures vanquished.

Notes
Turn   | Place    | Note
-------+----------+-------------------------------------------
     0 | D:1      | Pooter the Minotaur Berserker began the quest for the Orb.
     0 | D:1      | Reached XP level 1. HP: 19/19 MP: 0/0
   197 | D:1      | Reached XP level 2. HP: 25/27 MP: 1/1
   609 | D:1      | Slain by an adder

Illustrated notes

Levels and vault maps discovered:
D:1:      dpeg_arrival_rooms_with_view, layout_basic, kennysheep_minor_cross,
          st_stairs_6
D:2:      layout_rooms, kennysheep_generic_room_6

Skill      XL: |  1  2 |
---------------+-------+-----
Axes           | 4 |  4.5
Fighting       | 4 |  4.0
Armour         | |  2.4
Dodging        | |  2.1
Shields        | |  0.1

Action                     || total
---------------------------++-------
  Melee: Hand axe          ||    53
         Headbutt          ||     4
         Punch             ||     1
 Invoke: Berserk           ||     1
    Use: Potion            ||     2
   Stab: Sleeping          ||     1
 Armour: Animal skin       ||    10
  Dodge: Dodged            ||    43
  Block: Tower shield      ||    15

Table legend: (Time is in decaauts)
 A = Elapsed time spent in this place.
 B = Non-inter-level travel time spent in this place.
 C = Inter-level travel time spent in this place.
 D = Time resting spent in this place.
 E = Time spent auto-exploring this place.
 F = Levels seen in this place.
 G = Mean time per level.
                   A        B        C        D        E       F      G
               +--------+--------+--------+--------+--------+-----+--------+
         Total |    623 |    600 |     23 |      0 |    430 |   2 |  311.5 |
       Dungeon |    623 |    600 |     23 |      0 |    430 |   2 |  311.5 |
               +--------+--------+--------+--------+--------+-----+--------+

Top non-repeatable levels by time:
     D:1: 610 daAuts
     D:2: 13 daAuts
